 Dungeon Crawl Stone Soup version 0.31.0-32-g396128a36d (webtiles) character file.

Game seed: 5447121757268753841

21 cdecastro the Grasshopper (level 2, 0/24 HPs)
             Began as an Armataur Warper on Mar 14, 2024.
             Slain by an adder (1 damage)
             ... on level 2 of the Dungeon.
             The game lasted 00:01:04 (1022 turns).

cdecastro the Grasshopper (Armataur Warper)         Turns: 1022, Time: 00:01:04

Health: 0/24       AC:  4    Str: 16    XL:     2   Next: 65%
Magic:  4/4        EV:  9    Int: 13    God:
Gold:   74         SH:  0    Dex:  9    Spells: 4/4 levels left

rFire   . . .        a - +0 mace
rCold   . . .        (no shield)
rNeg    . . .        b - +0 leather armour
rPois   .            (no helmet)
rElec   .            (no cloak)
rCorr   .            (no gloves)
SInv    .            (no barding)
Will    .....        (no amulet)
Stlth   +            (no ring)
HPRegen 0.24/turn    (no ring)
MPRegen 0.42/turn

%: roll
@: lethally poisoned (0 -> -1)
A: large, deformed body, tough skin 3, armoured tail, roll 1
a: no special abilities


You were on level 2 of the Dungeon.
You visited 1 branch of the dungeon, and saw 2 of its levels.

You collected 74 gold pieces.

Inventory:

Hand Weapons
 a - a +0 mace (weapon)
Missiles
 d - 7 darts of dispersal (quivered)
Armour
 b - a +0 leather armour (worn)
Jewellery
 j - an amulet of faith
Scrolls
 c - 2 scrolls of blinking
 e - a scroll of teleportation {unknown}
 f - a scroll of torment {unknown}
 g - a scroll of noise {unknown}
 h - a scroll of brand weapon {unknown}
 i - 3 scrolls of immolation
Potions
 k - a potion of curing {unknown}


   Skills:
 - Level 1.7 Fighting
 * Level 2.6 Maces & Flails
 - Level 0.8 Throwing
 - Level 1.2 Armour
 - Level 1.3 Dodging
 - Level 1.7 Spellcasting
 + Level 3.3 Translocations


You had 4 spell levels left.
You didn't know any spells.
Your spell library contained the following spells:

 Spells                   Type           Power      Damage    Failure   Level
 Blink                    Tloc           18%        N/A       12%         2
 Lesser Beckoning         Tloc           18%        N/A       12%         2
 Teleport Other           Tloc           9%         N/A       24%         3
 Ensorcelled Hibernation  Hex/Ice        2%         N/A       43%         2
 Manifold Assault         Tloc           9%         N/A       63%         4
 Fugue of the Fallen      Necr           1%         N/A       67%         3
 Vhi's Electric Charge    Tloc/Air       10%        N/A       85%         4
 Anguish                  Hex/Necr       0%         N/A       97%         4


Dungeon Overview and Level Annotations

Branches:
Dungeon (2/15)

Altars:


Innate Abilities, Weirdness & Mutations

Armour fits poorly on your strangely shaped body.
You have extremely tough skin. (AC +3)
You have a long armoured tail.
You regenerate magic when rolling toward enemies. (Rampage MPRegen)


Message History

The quokka closely misses you.
You hit the quokka.
You kill the quokka!
You barely miss the adder. The adder bites you but does no damage.
You completely miss the adder.
Your tail-slap misses the adder.
The adder bites you.
You are poisoned.
The adder poisons you! The adder bites you but does no damage.
You miss the adder.
You feel sick. The adder barely misses you.
The adder bites you but does no damage.
You miss the adder.
You feel sick. The adder bites you.
You miss the adder.
You feel sick.
The adder bites you but does no damage. x2
You miss the adder.
You feel sick.
You are no longer poisoned.
The adder completely misses you.
You closely miss the adder. The adder bites you. The adder barely misses you.
You miss the adder. The adder bites you but does no damage.
The adder bites you.
* * * LOW HITPOINT WARNING * * *
You are poisoned.
The adder poisons you!
You sock the adder!
The adder is severely wounded.
You feel sick. The adder bites you but does no damage.
You hit the adder but do no damage.
The adder is severely wounded.
You feel sick. The adder bites you.
* * * LOW HITPOINT WARNING * * *
The adder bites you but does no damage.
You hit the adder but do no damage.
The adder is severely wounded.
You feel sick. The adder bites you.
* * * LOW HITPOINT WARNING * * *
The adder bites you.
* * * LOW HITPOINT WARNING * * *
You closely miss the adder.
The adder is severely wounded.
* * * LOW HITPOINT WARNING * * *
You feel sick. The adder bites you.
You die...

... #.# #.# #
####.####.#### .#
#............# ..#
.....#.##.##.######...##
.....#.#..##............
.....#.#<†......@S=.....
....##..................
....##........#####...##
.........####..####...#
######.............. .#
#.#.##)..#.#... #
#...#..##.#....
#..#).......#. .
#...##.....#.#...


You could see an adder.

Vanquished Creatures
  An endoplasm (D:1)
  A giant cockroach (D:1)
  A goblin (D:1)
  3 hobgoblins (D:1)
  3 jackals (D:1)
  A quokka (D:2)
  A ball python (D:1)
  4 bats (D:1)
  2 kobolds
  A rat (D:2)
18 creatures vanquished.

Notes
Turn   | Place    | Note
-------+----------+-------------------------------------------
     0 | D:1      | cdecastro the Armataur Warper began the quest for the Orb.
     0 | D:1      | Reached XP level 1. HP: 17/17 MP: 3/3
   336 | D:1      | Reached XP level 2. HP: 24/24 MP: 4/4
   975 | D:2      | Found a faded altar of an unknown god.
  1022 | D:2      | HP: 1/24 [poisoned by an adder]
  1022 | D:2      | Slain by an adder

Illustrated notes

Levels and vault maps discovered:
D:1:      eino_arrival_water_cross, layout_basic, solitary_fountain
D:2:      layout_loops_cross, hellmonk_ecumenical_altar_blasted,
          corner_web_ring, mrwooster_statue_mirror,
          chequers_serial_rivers_room_b, uniq_crazy_yiuf_cottage

Skill      XL: |  1 |
---------------+----+-----
Maces & Flails | 2 |  2.6
Fighting       | |  1.7
Throwing       | |  0.8
Armour         | |  1.2
Dodging        | |  1.3
Spellcasting   | |  1.7
Translocations | |  3.3

Action                     || total
---------------------------++-------
  Melee: Mace              ||    70
         Tailslap          ||     5
 Armour: Leather armour    ||    87
  Dodge: Dodged            ||    41
